 Dungeon Crawl Stone Soup version 0.23.0 (webtiles) character file.

Game seed: 12751605746544564040

298 BarneyGumball the Chopper (level 6, -9/55 HPs)
             Began as a Deep Dwarf Fighter on Feb 22, 2019.
             Mangled by a gnoll
             ... wielding a cursed +0 halberd
              (10 damage)
             ... on level 3 of the Dungeon.
             The game lasted 00:02:36 (1846 turns).

BarneyGumball the Chopper (Deep Dwarf Fighter)      Turns: 1846, Time: 00:02:36

Health: -9/55      AC:  8    Str: 22    XL:     6   Next: 13%
Magic:  5/5        EV:  7    Int:  8    God:
Gold:   102        SH: 10    Dex: 12    Spells: 5/5 levels left

rFire    . . .     SeeInvis .   a - +0 war axe
rCold    . . .     Gourm    .   c - +0 shield
rNeg     . . .     Faith    .   b - +0 scale mail
rPois    .         Spirit   .   (no helmet)
rElec    .         Reflect  .   r - +0 cloak
rCorr    .         Harm     .   (no gloves)
MR       .....                  (no boots)
Stlth    ..........             (no amulet)
HPRegen  0.00/turn              (no ring)
MPRegen  0.09/turn              (no ring)

@: non-regenerating
A: damage resistance, heal wounds, sense surroundings 1, no regeneration
a: Heal Wounds


You were on level 3 of the Dungeon.
You were not hungry.

You visited 1 branch of the dungeon, and saw 3 of its levels.

You collected 102 gold pieces.

Inventory:

Hand Weapons
 a - a +0 war axe (weapon)
Armour
 b - a +0 scale mail (worn)
 c - a +0 shield (worn)
 r - a +0 cloak (worn)
Jewellery
 o - a +3 ring of protection {unknown}
 q - an uncursed amulet of the acrobat {unknown}
Scrolls
 g - 2 scrolls of amnesia {unknown}
 h - a scroll of enchant armour {unknown}
 i - 3 scrolls of identify {unknown}
 j - 2 scrolls of remove curse {unknown}
 l - a scroll of immolation {unknown}
 n - 2 scrolls of enchant weapon {unknown}
 p - 2 scrolls of magic mapping {unknown}
Potions
 d - a potion of magic {unknown}
 e - a potion of ambrosia {unknown}
 m - a potion of experience {unknown}
 s - a potion of degeneration {unknown}
Comestibles
 f - 5 rations
 k - a chunk of flesh


   Skills:
 - Level 2.6 Fighting
 * Level 5.3 Axes
 + Level 4.7 Armour
 + Level 4.7 Shields


You had 5 spell levels left.
You didn't know any spells.
Your spell library was empty.

Dungeon Overview and Level Annotations

Branches:
Dungeon (3/15)

Altars:
Cheibriados
Kikubaaqudgha
Xom


Innate Abilities, Weirdness & Mutations

You are resistant to damage.
You can heal yourself by infusing magical energy.
You passively map a small area around you.
You do not regenerate.


Message History

The adder bites you. x2
* * * LOW HITPOINT WARNING * * *
The gnoll hits you from afar with a cursed +0 halberd!
* * * LOW HITPOINT WARNING * * *
You hit the adder.
You kill the adder!
You block the gnoll's attack.
The gnoll hits you with a cursed +0 halberd.
Found 13 gold pieces.
Things that are here:
a +0 spear; a gnoll corpse The gnoll hits you with a cursed +0 halberd.
* * * LOW HITPOINT WARNING * * *
The gnoll hits you from afar with a cursed +0 halberd.
* * * LOW HITPOINT WARNING * * *
You block the gnoll's attack.
You hit the gnoll.
The gnoll is lightly wounded.
The gnoll hits you with a cursed +0 halberd!
You die...

########## #........#
#........# #........#
#........# #........#
* ###........# ,
#..........#
..........#...@....#
......# #...g....#
,...... #.......$#
##.#..### ####)#####
........# #)#
....(...# #†#
........# #.####
........# #####....#
........####........#


You could see a gnoll.

Vanquished Creatures
  Sigmund (D:3)
  Terence (D:2)
  Robin (D:2)
  2 adders
  3 gnolls (D:3)
  3 worms
  A dart slug (D:2)
  4 leopard geckos
  2 orcs (D:3)
  8 bats
  A giant cockroach (D:2)
  10 goblins
  6 hobgoblins
  A quokka (D:2)
  2 frilled lizards
  3 kobolds
  7 rats
56 creatures vanquished.

Notes
Turn   | Place    | Note
-------+----------+-------------------------------------------
     0 | D:1      | BarneyGumball the Deep Dwarf Fighter began the quest for
                  | the Orb.
     0 | D:1      | Reached XP level 1. HP: 20/20 MP: 1/1
    95 | D:1      | Reached XP level 2. HP: 20/27 MP: 2/2
   640 | D:2      | Found a shimmering altar of Xom.
   677 | D:2      | Found an ancient bone altar of Kikubaaqudgha.
   748 | D:2      | Reached skill level 3 in Axes
   769 | D:2      | Noticed Robin
   779 | D:2      | Killed Robin
   779 | D:2      | Reached XP level 3. HP: 5/33 MP: 3/3
   856 | D:2      | Found a snail-covered altar of Cheibriados.
  1112 | D:2      | Noticed Terence
  1129 | D:2      | Reached XP level 4. HP: 39/40 MP: 3/3
  1131 | D:2      | Killed Terence
  1536 | D:3      | Reached skill level 4 in Axes
  1706 | D:3      | Noticed Sigmund
  1723 | D:3      | Killed Sigmund
  1723 | D:3      | Reached skill level 5 in Axes
  1723 | D:3      | Reached XP level 5. HP: 46/46 MP: 4/4
  1825 | D:3      | Reached XP level 6. HP: 37/55 MP: 5/5
  1843 | D:3      | HP: 1/55 [gnoll/cursed +0 halberd (3)]
  1846 | D:3      | Mangled by a gnoll

Skill      XL: |  1  2  3  4 |
---------------+-------------+-----
Axes           | 3 5 |  5.3
Armour         | 4 |  4.7
Shields        | 4 |  4.7
Fighting       | |  2.6

Action                   |  1- 3 |  4- 6 || total
-------------------------+-------+-------++-------
Melee: War axe           |    73 |    60 ||   133
 Abil: Heal Wounds       |     4 |     1 ||     5
  Use: Potion            |     1 |     2 ||     3
  Eat: Chunk             |       |     3 ||     3
Armor: Scale mail        |    43 |    28 ||    71
Dodge: Dodged            |    15 |    22 ||    37
Block: Shield            |    57 |    43 ||   100
